 Dungeon Crawl Stone Soup version 0.20-a0-739-g6bb112f (webtiles) character file.

4615 polly the Basher (level 10, -2/61 HPs)
             Began as a Gargoyle Fighter on Feb 24, 2017.
             Was an Elder of Okawaru.
             Killed from afar by a starcursed mass (10 damage)
             ... with an accursed screaming
             ... on level 1 of the Abyss on Feb 25, 2017.
             The game lasted 00:16:02 (8465 turns).

polly the Basher (Gargoyle Fighter)                 Turns: 8465, Time: 00:16:03

Health: -2/61      AC: 21    Str: 22    XL:     10   Next: 42%
Magic:  10/10      EV: 11    Int: 10    God:    Okawaru [****..]
Gold:   453        SH: 11    Dex: 11    Spells: 9/9 levels left

rFire    . . .     SeeInvis .   B - +1 whip (drain)
rCold    . . .     Gourm    .   o - +0 chain mail
rNeg     + . .     Faith    .   c - +0 shield
rPois    ∞         Spirit   .   x - +1 helmet
rElec    +         Reflect  .   e - +0 cloak
rCorr    .         Harm     .   (no gloves)
MR       .....                  (no boots)
Stlth    ..........             (no amulet)
Regen    0.2/turn               w - +2 ring of intelligence
MPRegen  0.2/turn               J - +4 ring of evasion

@: about to teleport, very slightly contaminated, invisible
A: negative energy resistance 1, electricity resistance, unbreathing,
petrification resistance, rot immunity, AC +7
a: Heroism, Renounce Religion


You were on level 1 of the Abyss.
You worshipped Okawaru.
Okawaru was greatly pleased with you.
You were hungry.

You visited 2 branches of the dungeon, and saw 10 of its levels.
You visited the Abyss 1 time.

You collected 557 gold pieces.
You spent 104 gold pieces at shops.

Inventory:

Hand Weapons
 B - a +1 whip of draining (weapon)
Armour
 c - a +0 shield (worn)
 e - a +0 cloak (worn)
 o - a +0 chain mail (worn)
 x - a +1 helmet (worn)
Jewellery
 w - a +2 ring of intelligence (right hand)
 J - a +4 ring of evasion (left hand)
Wands
 b - a wand of lightning (12/15)
 k - a wand of flame (35/48)
 m - a wand of random effects (21/48)
 v - a wand of random effects (20/48)
 H - a wand of iceblast (7/15)
 N - a wand of random effects (8/48)
 O - a wand of random effects (12/48)
Scrolls
 g - 3 scrolls of magic mapping {unknown}
 h - 3 scrolls of blinking {unknown}
 j - 4 scrolls of teleportation
 l - 4 scrolls of remove curse {unknown}
 n - 3 scrolls of enchant armour {unknown}
 q - 2 scrolls of amnesia {unknown}
 y - 3 scrolls of recharging {unknown}
 C - a scroll of fear {unknown}
 D - 2 scrolls of immolation {unknown}
 G - a scroll of enchant weapon {unknown}
 L - a scroll of fog {unknown}
Potions
 a - 4 potions of brilliance
 d - a potion of ambrosia
 p - a potion of cancellation
 t - 3 potions of lignification
 u - a potion of flight
 z - a potion of invisibility
 A - 2 potions of mutation
 E - 3 potions of agility
 F - 2 potions of resistance
 I - 2 potions of haste
 K - a potion of heal wounds {unknown}
Comestibles
 f - 6 bread rations
 i - 4 royal jellies
 r - 7 fruits
 s - 2 meat rations


   Skills:
 + Level 6.7 Fighting
 + Level 9.7 Maces & Flails
 + Level 8.1 Armour
 + Level 2.2 Dodging
 + Level 0.8 Stealth
 + Level 8.5 Shields


You had 9 spell levels left.
You didn't know any spells.

Dungeon Overview and Level Annotations

Branches:
Dungeon (9/15)             Temple (1/1) D:4
   Lair: D:8-11         Orc: D:9-12

Altars:
Ashenzari
Cheibriados
Dithmenos
Fedhas
Gozag
Hepliaklqana
Kikubaaqudgha
Makhleb
Nemelex Xobeh
Okawaru
Qazlal
Ru
Sif Muna
Trog
Vehumet
Wu Jian
Xom
Yredelemnul
Zin
The Shining One

Shops:
D:5 *=[   D:7 [

Annotations:
D:2 1 runed door
D:9 Erolcha


Innate Abilities, Weirdness & Mutations

You are resistant to torment.
Your stone body is resilient. (AC +7)
You are immune to poison.
You resist negative energy. (rN+)
You are resistant to electric shocks. (rElec)
You can survive without breathing.
You are immune to petrification.
You are immune to rotting.


Message History

You block the thrashing horror's attack.
You see a puff of smoke.
The starcursed mass shrieks in your mind.
* * * LOW HITPOINT WARNING * * *
Found a great sword.
You feel better.
The thrashing horror roars!
You block the thrashing horror's attack. x2
You fade into invisibility!
The thrashing horror roars!
The thrashing horror misses you. The thrashing horror tramples you.
* * * LOW HITPOINT WARNING * * *
You stumble backwards!
A starcursed mass splits.
You are very lightly contaminated with residual magic.
A smoke demon comes into view.
The smoke demon roars!
The thrashing horror roars!
You block the thrashing horror's attack.
The thrashing horror tramples you but does no damage.
A chorus of shrieks assaults your mind.
You die...

.# .8. #.# #.##
... # ####.# #
#)##.##.##.##.#
#≈X.X3@.xhX...#
#x##.##X##X##$#
# ####.# #$..§
#####


You could see 4 starcursed masses, an ancient zyme, a thrashing horror, a smoke
demon, a raiju and a small abomination (wandering).

Vanquished Creatures
  A two-headed ogre (D:4)
  The ghost of tself55 the Zephyrmancer, a novice TeAE of Vehumet (D:8)
  A wyvern (D:8)
  A hungry ghost (D:8)
  The ghost of fernweh the Skirmisher, an amateur BaSk (D:5)
  Duvessa (D:7)
  2 ice beasts
  3 orc warriors
  A sky beast (D:5)
  A black bear (D:5)
  A phantom (D:6)
  4 centaurs
  3 ogres
  A big kobold (D:8)
  4 bullfrogs
  Dowan (D:7)
  A scorpion (D:6)
  4 howler monkeys
  6 crimson imps
  3 hounds
  4 orc priests
  2 bullfrog skeletons
  Crazy Yiuf (D:5)
  Jessica (D:3)
  An iguana (D:7)
  9 orc wizards
  6 worker ants
  2 hound skeletons (D:6)
  4 gnolls (D:2)
  6 adders
  5 shadow imps
  3 oozes
  An adder zombie (D:5)
  2 adder skeletons (D:5)
  6 worms
  6 leopard geckos
  36 orcs
  A ball python (D:6)
  3 giant cockroaches
  3 goblins (D:3)
  4 hobgoblins
  10 jackals
  14 kobolds
  4 quokkas
  7 bats
  A giant cockroach zombie (D:5)
  A goblin zombie (D:2)
  2 jackal skeletons
  A kobold skeleton (D:2)
  A leopard gecko skeleton (D:4)
  A quokka skeleton (D:4)
  5 rats
194 creatures vanquished.

Vanquished Creatures (others)
  2 orc wizards (D:8)
2 creatures vanquished.

Grand Total: 196 creatures vanquished

Notes
Turn   | Place    | Note
-------+----------+-------------------------------------------
     0 | D:1      | polly the Gargoyle Fighter began the quest for the Orb.
     0 | D:1      | Reached XP level 1. HP: 14/14 MP: 1/1
   115 | D:1      | Reached XP level 2. HP: 17/19 MP: 2/2
   562 | D:2      | Reached XP level 3. HP: 16/24 MP: 3/3
   578 | D:2      | Reached XP level 4. HP: 6/29 MP: 4/4
  1197 | D:2      | Noticed a human
  1198 | D:2      | Found a runed door.
  1202 | D:2      | Reached skill level 3 in Maces & Flails
  1213 | D:2      | Found a basalt altar of Yredelemnul.
  1329 | D:3      | Found a stormy altar of Qazlal.
  1329 | D:3      | Found a blossoming altar of Fedhas.
  1343 | D:3      | Found a shadowy altar of Dithmenos.
  1437 | D:3      | Reached XP level 5. HP: 27/33 MP: 5/5
  1579 | D:3      | Noticed Jessica
  1587 | D:3      | Killed Jessica
  1656 | D:3      | Found a blossoming altar of Fedhas.
  1736 | D:3      | Reached skill level 4 in Maces & Flails
  1740 | D:3      | Reached XP level 6. HP: 15/39 MP: 6/6
  2091 | D:4      | Reached skill level 1 in Dodging
  2492 | D:4      | Found a staircase to the Ecumenical Temple.
  2610 | Temple   | Entered the Ecumenical Temple
  2715 | D:4      | Reached skill level 5 in Shields
  2715 | D:4      | Reached XP level 7. HP: 15/44 MP: 7/7
  3114 | D:5      | Entered Level 5 of the Dungeon
  3122 | D:5      | Reached skill level 5 in Maces & Flails
  3122 | D:5      | Reached skill level 5 in Armour
  3240 | D:5      | Found Xyurei's Antique Armour Shoppe.
  3445 | D:5      | Found a runed door.
  3645 | D:5      | Found Yjoodad's Jewellery Shoppe.
  3654 | D:5      | Noticed fernweh's ghost (amateur BaSk)
  3669 | D:5      | Killed fernweh's ghost
  3669 | D:5      | Reached XP level 8. HP: 44/48 MP: 8/8
  3701 | D:4      | Reached skill level 5 in Fighting
  3701 | D:4      | Reached skill level 6 in Maces & Flails
  3757 | D:5      | Found Tiumaumi's Assorted Antiques.
  3760 | D:5      | Bought a puce potion for 17 gold pieces
  3760 | D:5      | Bought a scroll labeled CIURRI EDGHORA for 19 gold pieces
  3760 | D:5      | Bought a murky pink potion for 17 gold pieces
  3760 | D:5      | Bought a sedimented amethyst potion for 17 gold pieces
  3760 | D:5      | Bought 2 bubbling yellow potions for 34 gold pieces
  3884 | D:5      | Found an iron altar of Okawaru.
  4034 | D:5      | Became a worshipper of Warmaster Okawaru
  4095 | D:5      | Noticed Crazy Yiuf
  4097 | D:5      | Killed Crazy Yiuf
  4415 | D:6      | Reached skill level 7 in Maces & Flails
  4446 | D:6      | Reached * piety under Okawaru
  5012 | D:6      | Reached XP level 9. HP: 36/54 MP: 9/9
  5359 | D:6      | Noticed a two-headed ogre
  5369 | D:6      | HP: 2/55 [two-headed ogre/giant spiked club (10)]
  5838 | D:4      | Killed a two-headed ogre
  5838 | D:4      | Reached ** piety under Okawaru
  5838 | D:4      | Reached skill level 8 in Maces & Flails
  6215 | D:7      | Noticed Dowan
  6220 | D:7      | Noticed Duvessa
  6226 | D:7      | Killed Dowan
  6237 | D:7      | Killed Duvessa
  6582 | D:7      | Found an ornate altar of the Wu Jian Council.
  6838 | D:7      | Reached XP level 10. HP: 57/60 MP: 10/10
  6945 | D:7      | Found Reifuukk's Antique Armour Emporium.
  7407 | D:8      | Reached skill level 9 in Maces & Flails
  7787 | D:8      | Noticed tself55's ghost (novice TeAE)
  7807 | D:8      | Killed tself55's ghost
  7807 | D:8      | Reached *** piety under Okawaru
  7988 | D:8      | Found a glowing golden altar of the Shining One.
  8293 | D:8      | Reached **** piety under Okawaru
  8342 | D:9      | Noticed Erolcha
  8343 | D:9      | Cast into level 1 of the Abyss (Erolcha)
  8459 | Abyss:1  | Noticed a starcursed mass
  8461 | Abyss:1  | Noticed a thrashing horror
  8462 | Abyss:1  | Noticed a starcursed mass
  8465 | Abyss:1  | Noticed a smoke demon
  8465 | Abyss:1  | Killed from afar by a starcursed mass

Vault maps used:
D:1:      evilmike_arrival_plus, kennysheep_pointless_box
D:2:      lemuel_upstairs_altar, grunt_decor_arrowhead, dk_yredelemnul_ordeal
D:3:      grunt_temple_overflow_forces_of_nature,
          grunt_dithmenos_smoke_and_mirrors, serial_corexii_hall,
          corexii_hall_statues_s, corexii_hall_statues_x,
          corexii_hall_statues_x, corexii_hall_statues_l,
          corexii_hall_statues_deadend, corexii_hall_statues_s, first_bread,
          fedhas_altar_1, uniq_jessica
D:4:      minmay_temple_entry_statues_pillars, kennysheep_generic_room_7
D:5:      okawaru_ov_weapons_minmay, serial_shops, nicolae_shop_behind_doors,
          shop_statue, nicolae_shop_behind_doors, kennysheep_generic_room_16,
          uniq_crazy_yiuf_cottage
D:6:      kennysheep_windowed_halls
D:7:      kennysheep_mini_moat, serial_shops, shop, uniq_duvessa
D:8:      tso_altar
D:9:      dancing_weapons_uskayaw, elyvilon_altar_4, uniq_erolcha
Temple:   zaba_magenta_temple

Skill      XL: |  1  2  3  4  5  6  7  8  9 10 |
---------------+-------------------------------+-----
Fighting       | 4 5 6 |  6.7
Maces & Flails | 3 4 5 7 8 9 |  9.7
Shields        | 4 5 6 7 8 |  8.5
Armour         | 4 5 6 7 8 |  8.1
Dodging        | 1 2 |  2.2
Stealth        | |  0.8

Action                   |  1- 3 |  4- 6 |  7- 9 | 10-12 || total
-------------------------+-------+-------+-------+-------++-------
Melee: Flail             |    75 |   183 |   405 |   131 ||   794
       Whip              |       |       |       |    61 ||    61
  Use: Potion            |       |     1 |     4 |     2 ||     7
       Scroll            |       |       |       |    12 ||    12
  Eat: Chunk             |       |     5 |    14 |     4 ||    23
       Royal jelly       |       |       |       |     2 ||     2
Armor: Scale mail        |    55 |     6 |       |       ||    61
       Chain mail        |       |   128 |   218 |    60 ||   406
Dodge: Dodged            |    32 |    40 |    92 |    46 ||   210
Block: Shield            |    50 |   115 |   226 |    88 ||   479
